 Dungeon Crawl Stone Soup version 0.20-a0-1018-ge435b50 (webtiles) character file.

370 Monsterracer the Slasher (level 7, -8/55 HPs)
             Began as a Formicid Abyssal Knight on Apr 17, 2017.
             Was a Priest of Lugonu.
             Mangled by a water moccasin (9 damage)
             ... on level 5 of the Dungeon.
             The game lasted 00:12:26 (5511 turns).

Monsterracer the Slasher (Formicid Abyssal Knight)  Turns: 5511, Time: 00:12:27

Health: -8/55      AC:  4    Str: 17    XL:     7   Next: 2%
Magic:  9/9        EV: 12    Int: 11    God:    Lugonu [***...]
Gold:   201        SH:  0    Dex: 12    Spells: 6/6 levels left

rFire    . . .     SeeInvis +   a - +1 falchion
rCold    + . .     Gourm    .   (no shield)
rNeg     . . .     Faith    .   b - +0 leather armour
rPois    .         Spirit   .   (helmet unavailable)
rElec    .         Reflect  .   j - +0 cloak
rCorr    .         Harm     .   (no gloves)
MR       .....                  (no boots)
Stlth    +.........             (no amulet)
Regen    0.2/turn               m - ring of protection from cold
MPRegen  0.2/turn               (no ring)

@: lethally poisoned (-8 -> -12)
A: permanent stasis, dig shafts and tunnels, four strong arms, antennae 3
a: Dig, Shaft Self, Depart the Abyss, Bend Space, Banish, Renounce Religion


You were on level 5 of the Dungeon.
You worshipped Lugonu.
Lugonu was most pleased with you.
You were not hungry.

You visited 1 branch of the dungeon, and saw 5 of its levels.
You visited the Abyss 1 time.

You collected 201 gold pieces.

Inventory:

Hand Weapons
 a - a +1 falchion (weapon)
Armour
 b - a +0 leather armour (worn)
 j - a +0 cloak (worn)
Jewellery
 m - a ring of protection from cold (left hand)
Scrolls
 d - a scroll of recharging
 e - 3 scrolls of magic mapping
 f - a scroll of remove curse
 i - 5 scrolls of identify
Comestibles
 c - 4 bread rations
 h - 3 royal jellies


   Skills:
 + Level 4.3 Fighting
 * Level 5.4 Long Blades
 - Level 2.1 Armour
 + Level 2.2 Dodging
 + Level 3.4 Invocations


You had 6 spell levels left.
You didn't know any spells.

Dungeon Overview and Level Annotations

Branches:
Dungeon (5/15)
 Temple: D:4-7

Altars:
Nemelex Xobeh


Innate Abilities, Weirdness & Mutations

You cannot be hasted, slowed, berserked, paralysed or teleported.
You can dig through walls and to a lower floor.
Your four strong arms can wield two-handed weapons with a shield.
You have a pair of large antennae on your head. (SInv)


Message History

You completely miss the water moccasin.
The water moccasin is heavily wounded.
You feel sick.
You feel sick. The water moccasin barely misses you.
You riposte.
You hit the water moccasin.
The water moccasin is heavily wounded.
You feel sick.
You feel sick.
You feel sick. The water moccasin bites you.
* * * LOW HITPOINT WARNING * * *
* * * LOW HITPOINT WARNING * * *
You feel sick.
* * * LOW HITPOINT WARNING * * *
You feel sick.
There is a stone staircase leading up here.
You aren't carrying any potions.
The water moccasin barely misses you.
* * * LOW HITPOINT WARNING * * *
You feel sick. The water moccasin bites you!
You die...

#.....########.......
#.....#### ***#......
#........# *,.,......
#........###[#*#..##.
######l...)..#,,.##*,
#........,,..,,,
###l......#***,*,,
#.S.####### *,*,*
#@### *,*,* #..#
*,*,* *##.# *****
*,*,* *,*.# *<,,*
*,*,*
*,*.#***,,,****,,,,
*,,..,,,,,,,,,,,,,,
*,*##,,*,,,***,,,**
*,* **,*,,,**,,,,*
*,* *,,,,,,,,,,**


You could see a water moccasin and an iguana.

Vanquished Creatures
  A crimson imp (D:4)
  An orc priest (D:4)
  An iguana (D:3)
  2 orc wizards
  2 worker ants
  A hound skeleton (D:4)
  5 adders
  2 oozes
  An adder skeleton (D:4)
  5 worms
  4 dart slugs
  5 leopard geckos
  7 orcs
  4 bats
  5 giant cockroaches
  8 goblins
  6 hobgoblins
  5 jackals
  A quokka (D:3)
  3 ball pythons
  8 frilled lizards
  5 kobolds
  2 leopard gecko skeletons (D:4)
  5 rats
89 creatures vanquished.

Notes
Turn   | Place    | Note
-------+----------+-------------------------------------------
     0 | Abyss:1  | Monsterracer the Formicid Abyssal Knight began the quest for the Orb.
     0 | Abyss:1  | Reached XP level 1. HP: 18/18 MP: 2/2
    47 | D:1      | Escaped the Abyss
   207 | D:1      | Reached XP level 2. HP: 12/24 MP: 3/3
   479 | D:1      | Reached skill level 3 in Long Blades
   845 | D:1      | Reached XP level 3. HP: 29/29 MP: 4/4
   875 | D:1      | Reached ** piety under Lugonu
  1625 | D:2      | Reached skill level 1 in Dodging
  1625 | D:2      | Reached XP level 4. HP: 32/35 MP: 5/5
  1886 | D:2      | Reached skill level 4 in Long Blades
  2758 | D:2      | Reached XP level 5. HP: 36/41 MP: 6/6
  3796 | D:4      | Reached *** piety under Lugonu
  3806 | D:4      | Reached XP level 6. HP: 29/48 MP: 8/8
  3983 | D:4      | Found a sparkling altar of Nemelex Xobeh.
  4317 | D:4      | Reached skill level 5 in Long Blades
  5329 | D:5      | Entered Level 5 of the Dungeon
  5343 | D:5      | Reached XP level 7. HP: 34/55 MP: 9/9
  5485 | D:5      | Noticed a water moccasin
  5509 | D:5      | HP: 2/55 [poisoned by a water moccasin]
  5511 | D:5      | Mangled by a water moccasin

Vault maps used:
D:1:      dpeg_arrival_castle, hex_intersection, minivault_24
D:2:      hangedman_feature_mirror, st_stairs_14, minmay_misc_feat_enclosed
D:4:      nemelex_diamond_rough_becter
D:5:      first_bread, lightli_sewer_entry_pipes, uniq_sigmund

Skill      XL: |  1  2  3  4  5  6 |
---------------+-------------------+-----
Long Blades    | 3 4 5 |  5.4
Dodging        | 1 2 |  2.2
Invocations    | 3 |  3.4
Fighting       | 4 |  4.3
Armour         | |  2.1

Action                   |  1- 3 |  4- 6 |  7- 9 || total
-------------------------+-------+-------+-------++-------
Melee: Falchion          |    93 |   239 |    10 ||   342
Invok: Bend Space        |       |     1 |       ||     1
  Use: Potion            |     1 |     4 |       ||     5
       Scroll            |       |     7 |     1 ||     8
 Stab: Sleeping          |       |     1 |       ||     1
  Eat: Chunk             |     2 |    12 |     1 ||    15
Armor: Leather armour    |    30 |    65 |     1 ||    96
Dodge: Dodged            |    62 |   132 |    10 ||   204
       Rpst.: Falchion   |    13 |    47 |     6 ||    66
